 Dungeon Sprint DCSS version 0.19-a0-1827-g174f941 (webtiles) character file.

135 Theye the Carver (level 4, -6/41 HPs)
             Began as a Deep Dwarf Berserker on Oct 7, 2016.
             Was a Follower of Trog.
             Mangled by a neqoxec (12 damage)
             ... in the Dungeon (Sprint II: "The Violet Keep of Menkaure").
             The game lasted 00:00:20 (35 turns).

Theye the Carver (Deep Dwarf Berserker)               Turns: 35, Time: 00:00:21

Health: -6/41      AC:  2    Str: 22      XL:     4   Next: 96%
Magic:  3/3        EV: 13    Int:  6 (8)  God:    Trog [*.....]
Gold:   0          SH:  0    Dex: 11      Spells: 0 memorised, 3 levels left

rFire  . . .     SeeInvis .     a - +0 falchion
rCold  . . .     Gourm    .     b - +0 animal skin
rNeg   . . .     Faith    .     (no shield)
rPois  .         Spirit   .     (no helmet)
rElec  .         Dismiss  .     (no cloak)
rCorr  .         Reflect  .     (no gloves)
MR     .....     Harm     .     (no boots)
Stlth  +......... NoTele   +    (no amulet)
                                (no ring)
                                (no ring)

@: exhausted, very slightly contaminated, non-regenerating, hasted and slowed
A: damage resistance, recharge devices, blurry vision 1, clumsy 1, frail 1, low
mp 2, sense surroundings 1, slow regeneration 3, strong 1
a: Device Recharging, Berserk, Burn Spellbooks, Renounce Religion


You were in the Dungeon.
You worshipped Trog.
Trog was aware of your devotion.
You were not hungry.

You visited 1 branch

Inventory:

Hand Weapons
 a - a +0 falchion (weapon)
Armour
 b - a +0 animal skin (worn)
Wands
 c - a wand of heal wounds (5/9)
Scrolls
 j - a scroll of blinking
Potions
 e - a potion of curing
 h - 2 potions of magic
 i - a potion of berserk rage
Comestibles
 d - a bread ration


   Skills:
 + Level 5.5 Fighting
 * Level 8.0 Long Blades
 + Level 3.5 Armour
 + Level 3.5 Dodging


You had 3 spell levels left.
You didn't know any spells.

Dungeon Overview and Level Annotations

Branches:
Dungeon (1/1)

Altars:


Innate Abilities, Weirdness & Mutations

You are resistant to damage.
You can recharge devices by infusing magical energy.
You passively map a small area around you.
You do not regenerate.
Scrolls take you a little longer to read.
You are clumsy. (Dex -2)
You are frail. (-10% HP)
Your magical capacity is very low. (-20% MP)
Your muscles are strong. (Str +2)


Message History

* * * LOW HITPOINT WARNING * * *
You hit the neqoxec but do no damage.
The neqoxec is heavily wounded.
The neqoxec gestures at you.
Strange energies course through your body.
You feel frail.
The crimson imp grinds its teeth.
The crimson imp hits you.
The shadow imp shouts, "Back with thee, thou euchred boodle-bothering ratsbane!"
The shadow imp misses you.
You barely miss the neqoxec.
The neqoxec is heavily wounded.
The neqoxec hits you.
Unknown command.
You hit the neqoxec.
The neqoxec is severely wounded.
The shadow imp hits you.
* * * LOW HITPOINT WARNING * * *
The crimson imp blinks!
The neqoxec hits you!
You die... * , ,, * * + , ** ,* * ### ##, 55##5*, , ≈≈ 533

* , * *
#3# ≈
,,,##@##
, +.55+
* ,##.##
*, ≈
**#+# *
, ** * ,
* ≈ ,,*
≈ ≈ , ≈
≈ * * ≈≈
* ≈ ≈


You could see 3 neqoxecs, a crimson imp, 2 shadow imps and 3 ufetubi.

Vanquished Creatures
  A neqoxec (D)
1 creature vanquished.

Notes
Turn   | Place    | Note
-------+----------+-------------------------------------------
     0 | D        | Theye the Deep Dwarf Berserker began the quest for the Orb.
     0 | D        | Reached XP level 1. HP: 20/20 MP: 1/1
     1 | D        | Noticed a neqoxec
     1 | D        | Noticed a neqoxec
     1 | D        | Noticed a neqoxec
     1 | D        | Noticed a neqoxec
     2 | D        | Noticed an iron imp
     2 | D        | Noticed a crimson imp
     9 | D        | Gained mutation: Your magical capacity is low. (-10% MP) [a neqoxec]
    10 | D        | Gained mutation: Your muscles are strong. (Str +2) [a neqoxec]
    15 | D        | Gained mutation: Your magical capacity is very low. (-20% MP) [a neqoxec]
    16 | D        | Killed a neqoxec
    16 | D        | Reached skill level 5 in Fighting
    16 | D        | Reached skill level 8 in Long Blades
    16 | D        | Reached XP level 2. HP: 19/32 MP: 1/1
    16 | D        | Reached XP level 3. HP: 23/39 MP: 2/2
    16 | D        | Reached XP level 4. HP: 27/46 MP: 3/3
    20 | D        | Gained mutation: You are clumsy. (Dex -2) [a neqoxec]
    30 | D        | Gained mutation: Scrolls take you a little longer to read. [a neqoxec]
    33 | D        | Gained mutation: You are frail. (-10% HP) [a neqoxec]
    35 | D        | Mangled by a neqoxec

Vault maps used:
D:        the_violet_keep_of_menkaure

Skill      XL: |  1 |
---------------+----+-----
Fighting       | 5 |  5.5
Long Blades    | 8 |  8.0
Armour         | 3 |  3.5
Dodging        | 3 |  3.5

Action                   |  1- 3 |  4- 6 || total
-------------------------+-------+-------++-------
Melee: Falchion          |    14 |    17 ||    31
Invok: Berserk           |     1 |       ||     1
  Use: Potion            |       |     2 ||     2
Armor: Animal skin       |       |     1 ||     1
Dodge: Dodged            |     2 |    16 ||    18
       Rpst.: Falchion   |     1 |     5 ||     6
